 Dungeon Sprint DCSS version 0.21-a0-216-g6d3fd91 (webtiles) character file.

13800000 minicreteconcrete the Conqueror (level 27, -212/249 HPs)
             Began as a Demonspawn Fighter on Aug 23, 2017.
             Was the Champion of Makhleb.
             Annihilated by a fleshlord
             ... wielding a +9 great mace
              (339 damage)
             ... in the Dungeon (Sprint VIII: "Arena of Blood").
             The game lasted 00:04:11 (138 turns).

minicreteconcrete the Conqueror (Demonspawn Fighter) Turns: 138, Time: 00:04:11

Health: -212/249   AC: 19    Str: 20    XL:     27
Magic:  49/54      EV: 33    Int: 10    God:    Makhleb [******]
Gold:   0          SH:  0    Dex: 22    Spells: 80/80 levels left

rFire    + . .     SeeInvis +   a - +0 war axe
rCold    . . .     Gourm    .   (no shield)
rNeg     + . .     Faith    .   b - +0 scale mail
rPois    .         Spirit   .   (no helmet)
rElec    .         Reflect  .   (no cloak)
rCorr    .         Harm     .   (no gloves)
MR       ++...     NoTele   +   (boots unavailable)
Stlth    ++++++++++             (no amulet)
HPRegen  0.51/turn              m - ring of see invisible
MPRegen  0.34/turn              n - ring of protection from fire

@: no status effects
A: hooves 3, iridescent scales 3, foul stench 2, negative energy resistance 1,
nightstalker 3, 50% torment resistance, black mark, rot immunity
a: Minor Destruction, Lesser Servant of Makhleb, Major Destruction, Greater
Servant of Makhleb, Renounce Religion


You were in the Dungeon.
You worshipped Makhleb.
Makhleb was exalted by your worship.
You were not hungry.

You visited 1 branch

Inventory:

Hand Weapons
 a - a +0 war axe (weapon)
 l - the +∞ Axe of Woe
   (You found it in the Dungeon)
Armour
 b - a +0 scale mail (worn)
 c - a +0 shield
Jewellery
 m - a ring of see invisible (left hand)
 n - a ring of protection from fire (right hand)
Scrolls
 k - a scroll of blinking
Potions
 d - a potion of might
 e - a potion of curing
 g - a potion of heal wounds
 h - a potion of haste
 i - 2 potions of magic
 j - a potion of berserk rage
Comestibles
 f - a bread ration


   Skills:
 O Level 27 Fighting
 O Level 27 Axes
 O Level 27 Throwing
 O Level 27 Armour
 O Level 27 Dodging
 O Level 27 Stealth
 O Level 27 Shields
 O Level 27 Unarmed Combat
 O Level 27 Spellcasting
 O Level 27 Invocations


You had 80 spell levels left.
You didn't know any spells.

Dungeon Overview and Level Annotations

Branches:
Dungeon (1/1)

Altars:
Makhleb


Innate Abilities, Weirdness & Mutations

You have hooves in place of feet.
You are completely covered in iridescent scales. (AC +6)
You frequently emit foul miasma when damaged in melee.
You resist negative energy. (rN+)
You are completely attuned to the shadows.
You are somewhat able to resist unholy torments (1 in 2 success).
Your melee attacks may debilitate your foes.
You are immune to rotting.


Message History

The fleshlord seems to speed up.
The tyrant waves its bony arms in wide circles.
The air twists around and strikes you!
You hear a shout! x3
The eight-headed meat hydra calls on the powers of darkness!
The eight-headed meat hydra convulses! x2; The bag of meat convulses! x2
The fleshlord convulses!
The bag of meat convulses!
The meat berserker convulses!
The bag of meat convulses!
The eight-headed meat hydra convulses!
The bag of meat convulses!
Your body is wracked with pain!
The eight-headed meat hydra moves out of view.
A bag of meat comes into view. It is wielding a +9 war axe.
a - a +0 war axe (weapon)
You hear a shout! x4
The fleshlord casts a spell.
The fleshlord seems to speed up.
You hear a shout!
The fleshlord hits you with a +9 great mace!!!!!!
Ouch! That really hurt!
You die...

.#..)....#. ..............#
.#.......# .....##.....#
##.......###.. §........).#
....###....... O. ##.))..#
....._).........o...........#
..#..)).#.....S.#.#......)..#
.o#_o<._#....L.§Mo........).#
. #.o...# .....#p#)#.....)..#
...o._.........o@o.p........#
....###......D.O#L#.#..#....#
##.. ..###...o.V....#))...#
#.. ..# ooo..M.....#))..# #.
.# .oDo......#W....# .. ..
..........# .....##..#


You could see 2 accurseds, 2 tyrants, 2 eight-headed meat hydras, a destroyer, a
scourge, 2 fleshlords, a meat berserker (berserk) and 9 bags of meat.

Vanquished Creatures
  2 hell beasts (D)
  3 greater mummies (D)
  3 great orbs of eyes (D)
  5 wraiths (D)
  8 vampire knights (D)
  21 ogres (D)
  7 two-headed ogres (D)
  4 liches (D)
  2 hydras (D)
  66 orcs (D)
  3 phantoms (D)
  4 skeletal warriors (D)
  4 sea snakes (D)
  2 small abominations (D)
  4 crawling corpses (D)
138 creatures vanquished.

Vanquished Creatures (others)
  2 crawling corpses (D)
2 creatures vanquished.

Grand Total: 140 creatures vanquished

Notes
Turn   | Place    | Note
-------+----------+-------------------------------------------
     0 | D        | Found the +∞ Axe of Woe
     0 | D        | minicreteconcrete the Demonspawn Fighter began the quest for the Orb.
     0 | D        | Reached XP level 1. HP: 18/18 MP: 1/1
     2 | D        | Noticed a bag of meat
     3 | D        | Noticed a bag of meat
     4 | D        | Noticed a bag of meat
     5 | D        | Noticed a meat berserker
     7 | D        | Killed a meat berserker
     7 | D        | Reached skill level 10 in Axes
     7 | D        | Gained mutation: You are immune to rotting. [demonic ancestry]
     7 | D        | Reached XP level 2. HP: 49/49 MP: 2/2
     7 | D        | Reached XP level 3. HP: 55/55 MP: 3/3
     7 | D        | Gained mutation: You are partially covered in iridescent scales. (AC +2) [demonic ancestry]
     7 | D        | Reached XP level 4. HP: 63/63 MP: 4/4
     7 | D        | Gained mutation: You have large cloven feet. [demonic ancestry]
     7 | D        | Reached XP level 5. HP: 69/69 MP: 5/5
     7 | D        | Gained mutation: You may emit foul miasma when damaged in melee. [demonic ancestry]
     7 | D        | Reached XP level 6. HP: 76/76 MP: 6/6
     7 | D        | Reached XP level 7. HP: 83/83 MP: 7/7
     7 | D        | Reached XP level 8. HP: 90/90 MP: 8/8
     7 | D        | Reached XP level 9. HP: 96/96 MP: 9/9
     7 | D        | Gained mutation: You are mostly covered in iridescent scales. (AC +4) [demonic ancestry]
     7 | D        | Reached XP level 10. HP: 104/104 MP: 10/10
     7 | D        | Reached XP level 11. HP: 110/110 MP: 11/11
     7 | D        | Gained mutation: You are slightly more attuned to the shadows. [demonic ancestry]
     7 | D        | Reached XP level 12. HP: 117/117 MP: 12/12
     7 | D        | Reached XP level 13. HP: 124/124 MP: 13/13
     8 | D        | Noticed a meat berserker
     8 | D        | Killed a bag of meat
     9 | D        | Noticed a bag of meat
    11 | D        | Killed a bag of meat
    11 | D        | Gained mutation: You have hoof-like feet. [demonic ancestry]
    11 | D        | Reached XP level 14. HP: 102/135 MP: 14/14
    11 | D        | Killed a bag of meat
    11 | D        | Reached skill level 10 in Dodging
    12 | D        | Noticed a meat berserker
    12 | D        | Killed a meat berserker
    12 | D        | Reached XP level 15. HP: 111/146 MP: 15/15
    13 | D        | Became a worshipper of Makhleb the Destroyer
    14 | D        | Killed a meat berserker
    14 | D        | Reached skill level 15 in Axes
    14 | D        | Reached skill level 15 in Stealth
    14 | D        | Gained mutation: You resist negative energy. (rN+) [demonic ancestry]
    14 | D        | Reached XP level 16. HP: 120/157 MP: 16/16
    15 | D        | Reached * piety under Makhleb
    15 | D        | Reached skill level 15 in Dodging
    21 | D        | Noticed a large bag of meat
    22 | D        | Noticed a meat berserker
    22 | D        | Reached XP level 17. HP: 132/168 MP: 17/17
    22 | D        | Reached ** piety under Makhleb
    24 | D        | Noticed a meat berserker
    25 | D        | Killed a meat berserker
    25 | D        | Reached *** piety under Makhleb
    25 | D        | Reached skill level 27 in Fighting
    25 | D        | Gained mutation: You are significantly more attuned to the shadows. [demonic ancestry]
    25 | D        | Reached XP level 18. HP: 182/182 MP: 18/18
    25 | D        | Killed a large bag of meat
    25 | D        | Gained mutation: You have hooves in place of feet. [demonic ancestry]
    25 | D        | Reached XP level 19. HP: 189/189 MP: 19/19
    26 | D        | Noticed a large bag of meat
    28 | D        | Noticed a large bag of meat
    28 | D        | Killed a meat berserker
    28 | D        | Reached **** piety under Makhleb
    28 | D        | Reached skill level 27 in Shields
    28 | D        | Reached skill level 27 in Armour
    30 | D        | Noticed a large bag of meat
    31 | D        | Killed a large bag of meat
    31 | D        | Reached ***** piety under Makhleb
    31 | D        | Reached skill level 27 in Axes
    31 | D        | Reached skill level 27 in Stealth
    31 | D        | Gained mutation: You frequently emit foul miasma when damaged in melee. [demonic ancestry]
    31 | D        | Reached XP level 20. HP: 56/197 MP: 20/20
    31 | D        | Reached skill level 27 in Dodging
    35 | D        | Reached skill level 15 in Invocations
    46 | D        | Noticed a large bag of meat
    47 | D        | Noticed a meat berserker
    47 | D        | Gained mutation: You are completely covered in iridescent scales. (AC +6) [demonic ancestry]
    47 | D        | Reached XP level 21. HP: 162/204 MP: 23/37
    47 | D        | Reached skill level 15 in Throwing
    47 | D        | Reached skill level 15 in Unarmed Combat
    47 | D        | Reached skill level 15 in Spellcasting
    49 | D        | Noticed an accursed
    49 | D        | Reached ****** piety under Makhleb
    51 | D        | Reached XP level 22. HP: 212/212 MP: 24/45
    51 | D        | Killed a large bag of meat
    51 | D        | Reached skill level 27 in Invocations
    51 | D        | Killed an accursed
    51 | D        | Killed a large bag of meat
    51 | D        | Gained mutation: You are completely attuned to the shadows. [demonic ancestry]
    51 | D        | Reached XP level 23. HP: 219/219 MP: 24/52
    53 | D        | Noticed a tyrant
    54 | D        | Noticed an accursed
    54 | D        | Reached skill level 27 in Throwing
    54 | D        | Reached skill level 27 in Unarmed Combat
    54 | D        | Reached skill level 27 in Spellcasting
    56 | D        | Reached XP level 24. HP: 227/227 MP: 25/54
    57 | D        | Killed a tyrant
    59 | D        | Killed an accursed
    59 | D        | Reached XP level 25. HP: 217/234 MP: 26/54
    59 | D        | Killed a large bag of meat
    64 | D        | Noticed a destroyer
    64 | D        | Noticed a meat beast
    64 | D        | Noticed an accursed
    66 | D        | Noticed a destroyer
    66 | D        | Noticed a destroyer
    67 | D        | Killed a meat beast
    67 | D        | Gained mutation: You are somewhat able to resist unholy torments (1 in 2 success). [demonic ancestry]
    67 | D        | Reached XP level 26. HP: 164/242 MP: 29/54
    69 | D        | Killed a destroyer
    69 | D        | Gained mutation: Your melee attacks may debilitate your foes. [demonic ancestry]
    69 | D        | Reached XP level 27. HP: 249/249 MP: 29/54
    74 | D        | Noticed a large bag of meat
    74 | D        | Killed a destroyer
    75 | D        | Noticed a tyrant
    75 | D        | Killed a destroyer
    79 | D        | Killed a tyrant
    81 | D        | Noticed a dread
    81 | D        | Noticed a dread
    83 | D        | Noticed a dread
    83 | D        | Killed a dread
    83 | D        | Killed a large bag of meat
    84 | D        | Noticed a destroyer
    85 | D        | Killed a destroyer
    85 | D        | Killed a dread
    89 | D        | Killed a dread
    91 | D        | Noticed a tyrant
    94 | D        | Noticed a destroyer
    94 | D        | Noticed a dread
    94 | D        | Killed a tyrant
    96 | D        | Noticed a tyrant
    97 | D        | Killed a destroyer
    99 | D        | Killed a dread
   100 | D        | Killed a tyrant
   101 | D        | Killed an accursed
   102 | D        | Noticed a destroyer
   107 | D        | Killed a destroyer
   111 | D        | Noticed a meat beast
   112 | D        | Noticed a dread
   113 | D        | Killed a meat beast
   118 | D        | Killed a dread
   120 | D        | Noticed a destroyer
   121 | D        | Killed a destroyer
   126 | D        | Noticed a large bag of meat
   127 | D        | Noticed a fleshlord
   129 | D        | Noticed a destroyer
   129 | D        | Noticed an accursed
   130 | D        | Noticed an accursed
   130 | D        | Noticed a fleshlord
   132 | D        | Killed a destroyer
   133 | D        | Noticed a tyrant
   133 | D        | Noticed a destroyer
   135 | D        | Noticed a tyrant
   136 | D        | Noticed a fleshlord
   136 | D        | Killed a large bag of meat
   138 | D        | Annihilated by a fleshlord

Vault maps used:
D:        meatsprint

Skill      XL: |  1  2  3  4  5  6  7  8  9 10 11 12 13 14 15 16 17 18 19 20 21 22 23 |
---------------+----------------------------------------------------------------------+-----
Fighting       | 18 20 22 23 24 27 | 27.0
Axes           | 10 12 13 15 17 20 22 27 | 27.0
Armour         | 16 18 20 21 22 24 25 27 | 27.0
Shields        | 16 18 20 21 22 24 26 27 | 27.0
Dodging        | 8 12 14 16 19 21 26 27 | 27.0
Stealth        | 9 13 15 18 21 23 27 | 27.0
Throwing       | 12 19 25 27 | 27.0
Unarmed Combat | 12 19 25 27 | 27.0
Spellcasting   | 12 19 25 27 | 27.0
Invocations    | 17 25 27 | 27.0

Action                   |  1- 3 |  4- 6 |  7- 9 | 10-12 | 13-15 | 16-18 | 19-21 | 22-24 | 25-27 || total
-------------------------+-------+-------+-------+-------+-------+-------+-------+-------+-------++-------
Melee: Executioner's axe |     1 |       |       |       |     4 |     4 |     7 |     4 |    39 ||    59
Invok: Major Destruction |       |       |       |       |       |       |       |       |     3 ||     3
Armor: Scale mail        |       |       |       |       |       |     1 |       |     1 |     4 ||     6
Dodge: Dodged            |       |       |       |       |       |     1 |     4 |     1 |    14 ||    20

Table legend:
 A = Spawn XP
 B = Non-spawn XP
 C = Spawn XP percentage of total XP
 D = Spawn monster count
 E = Non-spawn monster count
 F = Spawn count percentage of total count
 G = Total turns spent on level
                    A         B        C        D         E        F      G
               +---------+---------+-------+---------+---------+-------+---------
         Total |       0 | 3760472 |   0.0 |       0 |     134 |   0.0 |   138
               +---------+---------+-------+---------+---------+-------+---------
             D |       0 | 3760472 |   0.0 |       0 |     134 |   0.0 |   138
               +---------+---------+-------+---------+---------+-------+---------
